 Dungeon Crawl Stone Soup version 0.24.0-29-g8ce449bc06 (console) character file.

Game seed: 13609650814533572040, levelgen mode: deterministic

157 AlterAsc the Firebug (level 5, -1/38 HPs)
             Began as a Draconian Fire Elementalist on Nov 16, 2019.
             Succumbed to a worker ant's poison
             ... on level 3 of the Dungeon.
             The game lasted 00:06:29 (2939 turns).

AlterAsc the Firebug (Draconian Fire Elementalist)  Turns: 2939, Time: 00:06:30

Health: -1/38      AC:  5    Str: 10    XL:     5   Next: 15%
Magic:  2/9        EV: 12    Int: 16    God:
Gold:   201        SH:  0    Dex: 12    Spells: 2/10 levels left

rFire    . . .     SeeInvis .   m - +2 dagger (pain)
rCold    . . .     Gourm    .   (no shield)
rNeg     . . .     Faith    .   (armour unavailable)
rPois    .         Spirit   .   (helmet restricted)
rElec    .         Reflect  .   (no cloak)
rCorr    .         Harm     .   (no gloves)
MR       .....                  (no boots)
Stlth    ++........             (no amulet)
HPRegen  0.12/turn              h - ring of wizardry
MPRegen  0.11/turn              (no ring)

@: lethally poisoned (-1 -> -18), flying
A: unfitting armour, cold-blooded, AC +5
a: no special abilities


You were on level 3 of the Dungeon.
You were not hungry.

You visited 1 branch of the dungeon, and saw 4 of its levels.

You collected 201 gold pieces.

Inventory:

Hand Weapons
 m - a +2 dagger of pain (weapon)
Jewellery
 h - a ring of wizardry (left hand)
Wands
 j - a wand of clouds (6)
Scrolls
 c - 3 scrolls of magic mapping {unknown}
 k - 3 scrolls of teleportation {unknown}
 l - 2 scrolls of random uselessness {unknown}
 n - 2 scrolls of identify {unknown}
 p - a scroll of enchant armour {unknown}
Potions
 a - a potion of curing {unknown}
 d - 3 potions of flight
 e - 2 potions of heal wounds {unknown}
 f - a potion of might {unknown}
 g - a potion of degeneration {unknown}
 i - a potion of lignification {unknown}
Comestibles
 b - 10 rations


   Skills:
 - Level 1.8 Dodging
 - Level 1.8 Stealth
 + Level 3.0 Spellcasting
 + Level 2.5 Conjurations
 * Level 4.6 Fire Magic


You had 2 spell levels left.
You knew the following spells:

 Your Spells              Type           Power        Failure   Level  Hunger
a - Flame Tongue          Conj/Fire      ##...        1%          1    #......
b - Conjure Flame         Conj/Fire      ##......     5%          3    ###....
c - Sticky Flame          Conj/Fire      ##......     16%         4    #####..

Your spell library contained the following spells:

 Spells                   Type           Power        Failure   Level  Hunger
 Throw Flame              Conj/Fire      ##....       2%          2    ##.....
 Inner Flame              Hex/Fire       #.......     9%          3    ###....
 Fireball                 Conj/Fire      ##........   41%         5    ######.


Dungeon Overview and Level Annotations

Branches:
Dungeon (4/15)
 Temple: D:4-7

Altars:
Hepliaklqana
Wu Jian


Innate Abilities, Weirdness & Mutations

Your plain brown scales are hard. (AC +5)
You cannot fit into any form of body armour.
You are cold-blooded and may be slowed by cold attacks.


Message History

The worker ant is severely wounded.
* * * LOW HITPOINT WARNING * * *
You feel sick.
The worker ant bites you but does no damage.
All of the chunks of flesh in your inventory have rotted away.
Casting: Flame Tongue (safe; 1% risk of failure)
Confirm with . or Enter, or press ? or * to list all spells.
Aiming: Flame Tongue (safe; 1% risk of failure)
Press: ? - help, Shift-Dir - straight line, f/p - worker ant
Aim: a worker ant (severely wounded)
The flame tongue misses the worker ant.
* * * LOW HITPOINT WARNING * * *
You feel sick. The worker ant bites you.
* * * LOW HITPOINT WARNING * * *
You are more poisoned.
The worker ant poisons you!
It was a potion of flight.
You feel very buoyant.
You fly up into the air.
You die...

#...# #.#
#.##.###########.###
....# #.####.##.#
#.... #...#
#....#.##.# #####
##.### ####.#.##.#
.....# ###.#.##.#
##.#.# #.....##.#
##.#.# ###.###.##.#
...#.# #...# #.##a#
####(# #...###..@.#
#.###.......####
#........####
#####..### #..#
#########
#..###########.......#
#..................#.#
#.############.###.#.#
#.# #.# #.#.#


You could see a worker ant.

Vanquished Creatures
  An orc priest (D:3)
  2 adders (D:2)
  2 worms
  A dart slug (D:1)
  2 leopard geckos
  13 orcs
  A giant cockroach (D:1)
  10 goblins
  7 hobgoblins
  7 jackals (D:3)
  10 kobolds
  4 quokkas
  A ball python (D:1)
  9 bats
  2 frilled lizards
  10 rats
82 creatures vanquished.

Notes
Turn   | Place    | Note
-------+----------+-------------------------------------------
     0 | D:1      | AlterAsc the Draconian Fire Elementalist began the quest
                  | for the Orb.
     0 | D:1      | Reached XP level 1. HP: 14/14 MP: 3/3
   119 | D:1      | Reached XP level 2. HP: 12/20 MP: 1/5
  1058 | D:2      | Found an ornate altar of the Wu Jian Council.
  1136 | D:2      | Reached XP level 3. HP: 26/26 MP: 4/6
  1141 | D:2      | Learned a level 3 spell: Conjure Flame
  1625 | D:2      | Reached skill level 4 in Fire Magic
  1691 | D:2      | Reached XP level 4. HP: 32/33 MP: 4/7
  2292 | D:3      | Learned a level 4 spell: Sticky Flame
  2481 | D:3      | Reached XP level 5. HP: 38/38 MP: 6/9
  2809 | D:3      | Found a hazy altar of Hepliaklqana.
  2938 | D:3      | HP: 1/38 [worker ant (2)]
  2939 | D:3      | Succumbed to a worker ant's poison

Levels and vault maps discovered:
D:1:      tarquinn_simple_flora_water_d, layout_basic, serial_curves,
          eino_curves_02, eino_curves_04, minmay_misc_feat_hallway,
          minmay_parallelograms
D:2:      layout_loops_ring, lemuel_round_altar, grunt_ministairs_11
D:3:      layout_loops_ring, lemuel_round_altar, grunt_ministairs_11
D:4:      layout_loops_ring, minmay_temple_entry_enclosed_plants, uniq_edmund,
          uniq_eustachio

Skill      XL: |  1  2  3  4  5 |
---------------+----------------+-----
Conjurations   | 2 |  2.5
Fire Magic     | 4 |  4.6
Spellcasting   | 3 |  3.0
Dodging        | |  1.8
Stealth        | |  1.8

Action                   |  1- 3 |  4- 6 || total
-------------------------+-------+-------++-------
Melee: Unarmed           |    23 |       ||    23
       Tailslap          |     6 |     1 ||     7
       Club              |    25 |       ||    25
       Dagger            |       |    14 ||    14
 Cast: Flame Tongue      |    69 |    74 ||   143
  Use: Potion            |       |     1 ||     1
 Stab: Sleeping          |       |     1 ||     1
  Eat: Chunk             |     3 |     4 ||     7
Armor: Skin              |    30 |    13 ||    43
Dodge: Dodged            |    65 |    35 ||   100
